 Dungeon Crawl Stone Soup version 0.30.0-29-ga12c61a403 (webtiles) character file.

Game seed: 3536301532169346151

151 Elmgren the Trooper (level 5, -9/49 HPs)
             Began as a Minotaur Fighter on June 25, 2023.
             Mangled by an ogre
             ... wielding a +0 giant club
              (23 damage)
             ... on level 4 of the Dungeon.
             The game lasted 00:03:25 (2819 turns).

Elmgren the Trooper (Minotaur Fighter)              Turns: 2819, Time: 00:03:26

Health: -9/49      AC:  8    Str: 23    XL:     5   Next: 11%
Magic:  4/4        EV:  9    Int:  5    God:
Gold:   90         SH:  5    Dex:  9    Spells: 4/4 levels left

rFire   . . .        a - +0 flail
rCold   . . .        c - +1 buckler
rNeg    . . .        b - +0 scale mail
rPois   .            (helmet restricted)
rElec   .            (no cloak)
rCorr   .            (no gloves)
SInv    .            h - +0 pair of boots
Will    .....        (no amulet) Stlth
                     (no ring)
HPRegen 0.28/turn    (no ring)
MPRegen 0.09/turn

%: no passive effects
@: no status effects
A: horns 2, retaliatory headbutt
a: no special abilities


You were on level 4 of the Dungeon.
You visited 1 branch of the dungeon, and saw 4 of its levels.

You collected 90 gold pieces.

Inventory:

Hand Weapons
 a - a +0 flail (weapon)
Armour
 b - a +0 scale mail (worn)
 c - a +1 buckler (worn)
 h - a +0 pair of boots (worn)
 p - a +0 pair of gloves
Jewellery
 r - a ring of ice
Scrolls
 i - 2 scrolls of acquirement {unknown}
Potions
 d - a potion of might
 e - a potion of magic {unknown}
 f - 3 potions of brilliance
 g - a potion of flight {unknown}
 j - a potion of mutation {unknown}
 k - a potion of cancellation {unknown}
 l - a potion of lignification {unknown}
 m - a potion of haste
 n - a potion of attraction
 o - 2 potions of curing
 q - a potion of invisibility {unknown}


   Skills:
 + Level 5.6 Fighting
 + Level 4.8 Maces & Flails
 - Level 3.6 Armour
 - Level 3.6 Shields


You had 4 spell levels left.
You didn't know any spells.
Your spell library contained the following spells:

 Spells                   Type           Power      Damage    Failure   Level
 Necrotise                Necr           0%         1d4       85%         1
 Vampiric Draining        Necr           0%         2d6       99%         3
 Volatile Blastmotes      Fire/Tloc      0%         2d10      99%         3
 Fulminant Prism          Conj/Hex       0%         3d5       100%        4
 Iskenderun's Mystic Bla  Conj/Tloc      0%         2d3       100%        4
 Agony                    Necr           0%         N/A       100%        5
 Lee's Rapid Deconstruct  Erth           0%         3d4*      100%        5
 Conjure Ball Lightning   Conj/Air       0%         3x3d6     100%        6
 Discord                  Hex            0%         N/A       100%        8
 Disjunction              Tloc           0%         N/A       100%        8


Dungeon Overview and Level Annotations

Branches:
Dungeon (4/15) Zot: 21153
 Temple: D:4-7

Altars:
Gozag
Trog


Innate Abilities, Weirdness & Mutations

You have a pair of horns on your head.
You reflexively headbutt those who attack you in melee.


Message History

The iguana bites you but does no damage.
You completely miss the iguana. The ufetubus hits you.
The ufetubus closely misses you. The iguana bites you!
* * * LOW HITPOINT WARNING * * *
The ufetubus hits you.
* * * LOW HITPOINT WARNING * * *
The ufetubus closely misses you.
You take 14 damage, and have 14/42 hp.
MASSIVE DAMAGE!!
You closely miss the iguana. Your headbutt misses the iguana.
The ufetubus hits you but does no damage.
The ufetubus hits you.
* * * LOW HITPOINT WARNING * * *
The iguana bites you but does no damage.
You take 3 damage, and have 11/42 hp.
You barely miss the iguana.
The ufetubus hits you but does no damage.
The ufetubus barely misses you. The iguana closely misses you.
The ufetubus hits you but does no damage.
The ufetubus completely misses you.
You sock the iguana!
You kill the iguana!
The ufetubus closely misses you. The ufetubus hits you.
* * * LOW HITPOINT WARNING * * *
You block the ufetubus's attack.
The ufetubus hits you but does no damage.
You have reached level 5!
MP restored: 4 You closely miss the ufetubus.
Your headbutt misses the ufetubus. You block the ufetubus's attack.
The ufetubus closely misses you. You block the ufetubus's attack.
The ufetubus barely misses you.
You hit the ufetubus but do no damage.
An ogre comes into view. It is wielding a +0 giant club.
The ufetubus hits you but does no damage. x2
The ufetubus attacks as you move away!
The ufetubus hits you but does no damage.
The ufetubus closely misses you. x2; The ufetubus barely misses you.
The ufetubus attacks as you move away! The ufetubus closely misses you. x2
The ogre attacks as you move away!
The ogre hits you with a +0 giant club!!
You die...

...........#..........
######.....#..........
......................
######................
########................
..............).........
###.........#.........
#...##..............
#.)@##.....####.####
#.O5##.....# #.#
.?.##...##.....# #.#
#......####.#.# #.#
###.......#.#.# #.#
#.......#.#+# #.......#
+......... #.......#..


You could see an ogre and an ufetubus.

Vanquished Creatures
  A howler monkey (D:4)
  2 iguanas (D:4)
  An adder (D:2)
  A dart slug (D:1)
  An orc (D:4)
  7 endoplasms
  3 giant cockroaches
  6 goblins
  6 hobgoblins
  6 jackals
  7 ball pythons
  5 bats
  2 frilled lizards
  2 kobolds
  A rat (D:2)
51 creatures vanquished.

Notes
Turn   | Place    | Note
-------+----------+-------------------------------------------
     0 | D:1      | Elmgren the Minotaur Fighter began the quest for the Orb.
     0 | D:1      | Reached XP level 1. HP: 19/19 MP: 0/0
    63 | D:1      | Reached skill level 4 in Fighting
    64 | D:1      | Reached XP level 2. HP: 25/27 MP: 1/1
   313 | D:1      | Found a faded altar of an unknown god.
   596 | D:2      | Reached XP level 3. HP: 34/34 MP: 2/2
   847 | D:2      | Found an opulent altar of Gozag.
  1958 | D:3      | Found a bloodstained altar of Trog.
  2763 | D:4      | Reached XP level 4. HP: 37/41 MP: 3/3
  2768 | D:4      | Reached skill level 5 in Fighting
  2815 | D:4      | Reached XP level 5. HP: 13/49 MP: 4/4
  2816 | D:4      | Noticed an ogre
  2819 | D:4      | Mangled by an ogre

Illustrated notes

Levels and vault maps discovered:
D:1:      minmay_arrival_stone_box, layout_basic,
          shapermc_ecumenical_altar_ellora, minmay_pentomino_u2
D:2:      layout_rooms, basic_altar
D:3:      layout_basic, lemuel_tele_altar
D:4:      layout_basic, temple_fountains, serial_shops, nicolae_shop_mannequins,
          shop_scrolls

Skill      XL: |  1  2  3  4 |
---------------+-------------+-----
Fighting       | 4 5 |  5.6
Maces & Flails | 3 4 |  4.8
Armour         | |  3.6
Shields        | |  3.6

Action                     |  1- 3 |  4- 6 || total
---------------------------+-------+-------++-------
  Melee: Flail             |    96 |    16 ||   112
         Headbutt          |     7 |     1 ||     8
    Use: Scroll            |     8 |       ||     8
 Armour: Scale mail        |    34 |    16 ||    50
  Dodge: Dodged            |    53 |    22 ||    75
  Block: Buckler           |    27 |     6 ||    33
